 Dungeon Crawl Stone Soup version 0.30.1-11-g7821555f0a (webtiles) character file.

Game seed: 10889056763862015318

126 Ijustatesigmund the Conjurer (level 5, -8/34 HPs)
             Began as an Octopode Conjurer on Jan 13, 2024.
             Mangled by an orc priest
             ... wielding a +0 war axe
              (13 damage)
             ... on level 2 of the Dungeon.
             The game lasted 00:07:03 (3186 turns).

Ijustatesigmund the Conjurer (Octopode Conjurer)    Turns: 3186, Time: 00:07:04

Health: -8/34      AC:  1    Str:  6    XL:     5   Next: 9%
Magic:  4/9        EV: 13    Int: 22    God:
Gold:   112        SH:  0    Dex: 11    Spells: 0/10 levels left

rFire   . . .        p - +0 whip
rCold   . . .        (no shield)
rNeg    . . .        (helmet restricted)
rPois   .            (no amulet)
rElec   .            (no ring)
rCorr   .            (no ring)
SInv    .            (no ring)
Will    .....        (no ring)
Stlth   +++          (no ring)
HPRegen 0.25/turn    (no ring)
MPRegen 0.11/turn    (no ring)
                     (no ring)

%: no passive effects
@: no status effects
A: almost no armour, amphibious, 8 rings, camouflage 1, gelatinous body 1,
(nimble swimmer 1), tentacles
a: no special abilities


You were on level 2 of the Dungeon.
You visited 1 branch of the dungeon, and saw 3 of its levels.

You collected 112 gold pieces.

Inventory:

Hand Weapons
 p - a +0 whip (weapon)
Missiles
 c - 5 silver javelins
Jewellery
 q - an amulet of faith
Scrolls
 b - a scroll of brand weapon {unknown}
 d - a scroll of fear {unknown}
 e - 2 scrolls of teleportation
 f - 4 scrolls of identify
 g - a scroll of silence {unknown}
 h - a scroll of noise {unknown}
 k - 2 scrolls of poison {unknown}
Potions
 a - a potion of magic
 i - a potion of haste
 j - a potion of attraction
 l - a potion of flight {unknown}
 m - a potion of heal wounds {unknown}
 n - a potion of invisibility {unknown}
 o - a potion of brilliance {unknown}


   Skills:
 - Level 2.0 Fighting
 - Level 2.0 Dodging
 - Level 2.6 Stealth
 + Level 3.0 Spellcasting
 + Level 4.7 Conjurations
 * Level 1.5 Translocations
 + Level 0.0 Air Magic
 + Level 0.0 Poison Magic


You couldn't memorise any spells.
You knew the following spells:

 Your Spells              Type           Power      Damage    Failure   Level
a - Magic Dart            Conj           96%        1d7       1%          1
b - Searing Ray           Conj           48%        2d6       2%          2
c - Iskenderun's Mystic   Conj/Tloc      17%        2d5       34%         4
d - Mephitic Cloud        Conj/Pois/Air  10%        N/A       19%         3

Your spell library contained the following spells:

 Spells                   Type           Power      Damage    Failure   Level
 Freeze                   Ice            12%        1d3       12%         1
 Dazzling Flash           Conj/Hex       26%        N/A       14%         3
 Hailstorm                Conj/Ice       13%        3d5       14%         3
 Call Imp                 Summ           6%         N/A       19%         2
 Poisonous Vapours        Pois/Air       6%         N/A       19%         2
 Frozen Ramparts          Ice            6%         1d1       36%         3
 Fulminant Prism          Conj/Hex       6%         3d7       43%         4
 Freezing Cloud           Conj/Ice/Air   5%         6-21      87%         5


Dungeon Overview and Level Annotations

Branches:
Dungeon (3/15)

Altars:

Annotations:
D:3 2 runed translucent doors


Innate Abilities, Weirdness & Mutations

You cannot wear most types of armour.
You are amphibious.
You can wear up to eight rings at the same time.
Your skin changes colour to match your surroundings (Stealth+).
Your rubbery body absorbs attacks. (AC +1, EV +1)
((You are camouflaged when in or above water. (Stealth+)))
You have tentacles for arms and can constrict up to eight enemies at once.


Message History

Aiming: Magic Dart (safe; 1% risk of failure)
Press: ? - help, Shift-Dir - straight line, f/p - orc
Aim: an orc, wielding a +0 club and wearing a +0 leather armour (moderately wounded, 100% to hit)
The magic dart hits the orc.
You kill the orc!
Casting: Magic Dart (safe; 1% risk of failure)
Confirm with . or Enter, or press ? or * to list all spells.
You can't see any susceptible monsters within range! (Use Z to cast anyway.)
Found a stone staircase leading up and two stone staircases leading down.
An orc priest comes into view. It is wielding a +0 war axe.
An orc wizard comes into view. It is wielding a +0 dagger.
An orc comes into view. It is wielding a +0 hand axe.
An orc comes into view. It is wielding a +0 war axe.
The orc shouts!
The orc priest shouts!
A bat comes into view.
The orc wizard shouts!
The orc shouts!
You hear a shout!
The orc wizard casts a spell.
The orc wizard flickers and vanishes!
Deactivating autopickup; reactivate with Ctrl-A.
The orc priest hits you with a +0 war axe!
There is a stone staircase leading up, spattered with blood here.
The orc priest hits you with a +0 war axe!
The orc closely misses you.
You climb upwards.
Reactivating autopickup.
There is a stone staircase leading down here.
Casting: Magic Dart (safe; 1% risk of failure)
Confirm with . or Enter, or press ? or * to list all spells.
Aiming: Searing Ray (safe; 2% risk of failure)
Press: ? - help, Shift-Dir - straight line, f - orc priest
Aim: an orc priest, wielding a +0 war axe (79% to hit)
The searing ray hits the orc priest!
The orc priest is heavily wounded. (Press . to maintain the ray.)
The orc priest completely misses you. The orc hits you with a +0 war axe!
* * * LOW HITPOINT WARNING * * *
The searing ray hits the orc priest!
The orc priest is almost dead.
The orc priest hits you with a +0 war axe!
You die...

##...........##..# #.PP#...#.b.
#######.#######..#########...####
#######.#######.....##...........
................##...'...........
#######..<..........##...........
#.####.###.#########...#### #.#
##.....# #P.b#...#... ###
#..(##o#####..P#...#...
###...##@o..##.P.#...#...
#.#....###.########'#####
#P#.....##.# #.### #.#.....##.##
#.#.# ###.....##>.# #...# ###
##....####.# ##..### #.##
##....## #.# #.###. ##.###....##
#.# #.###. ##.#....)# #.# #.#.#.


You could see an orc priest and an orc.

Vanquished Creatures
  3 gnolls (D:2)
  5 adders (D:2)
  A worm (D:2)
  2 dart slugs
  4 orcs (D:3)
  2 ball pythons
  4 endoplasms
  A giant cockroach (D:2)
  3 goblins
  4 hobgoblins
  2 quokkas
  5 bats
  A frilled lizard (D:2)
  4 kobolds
  3 rats (D:2)
  A spectral hobgoblin (D:2)
45 creatures vanquished.

Notes
Turn   | Place    | Note
-------+----------+-------------------------------------------
     0 | D:1      | Ijustatesigmund the Octopode Conjurer began the quest for
                  | the Orb.
     0 | D:1      | Reached XP level 1. HP: 11/11 MP: 3/3
   561 | D:1      | Reached XP level 2. HP: 18/18 MP: 0/5
   564 | D:1      | Learned a level 2 spell: Searing Ray
  1002 | D:2      | Reached skill level 1 in Fighting
  1279 | D:2      | Reached XP level 3. HP: 23/23 MP: 1/6
  1625 | D:2      | HP: 1/24 [gnoll/+0 whip (8)]
  1629 | D:2      | Reached XP level 4. HP: 3/29 MP: 0/8
  1742 | D:1      | Learned a level 4 spell: Iskenderun's Mystic Blast
  1834 | D:2      | Found a faded altar of an unknown god.
  1918 | D:2      | Reached skill level 1 in Translocations
  2693 | D:3      | Found a large runed translucent door.
  2694 | D:3      | Found a large runed translucent door.
  3033 | D:3      | Reached XP level 5. HP: 34/34 MP: 5/9
  3084 | D:3      | Learned a level 3 spell: Mephitic Cloud
  3186 | D:2      | Mangled by an orc priest

Illustrated notes

Levels and vault maps discovered:
D:1:      ncdulo_watergridlock, layout_loops_corners
D:2:      layout_loops_ring, serial_aquarium, aquarium_bridge_square
          [aquarium_subvault_window, aquarium_subvault_wall,
          aquarium_subvault_wall, aquarium_subvault_bridge], aquarium_window_1,
          aquarium_window_corridor_2, aquarium_window_fake, aquarium_view_2a,
          aquarium_view_2b, aquarium_balcony_1b, aquarium_pool_four,
          dreamdust_ecumenical_altar_drowned_temple, roderic_nine_men_s_morris
D:3:      layout_rooms, jmf_multi_god_temple2, grunt_ministairs_15

Skill      XL: |  1  2  3  4 |
---------------+-------------+-----
Fighting       | 1 2 |  2.0
Translocations | 1 |  1.5
Spellcasting   | 3 |  3.0
Dodging        | |  2.0
Stealth        | |  2.6
Conjurations   | |  4.7

Action                     |  1- 3 |  4- 6 || total
---------------------------+-------+-------++-------
  Melee: Unarmed           |     9 |       ||     9
         Constrict         |     3 |     2 ||     5
         Tentacles         |     2 |     1 ||     3
         Whip              |       |     6 ||     6
   Cast: Magic Dart        |    48 |    46 ||    94
         Searing Ray       |     3 |     2 ||     5
    Use: Scroll            |       |     3 ||     3
 Armour: Skin              |     1 |       ||     1
  Dodge: Dodged            |    13 |     8 ||    21
